 Dungeon Crawl Stone Soup version 0.26-b1-32-g5d43845318 (webtiles) character file.

Game seed: 7983900073990181830

20339 Borgoz the Basher (level 12, -11/118 HPs)
             Began as a Gargoyle Berserker on Jan 11, 2021.
             Was a High Priest of Trog.
             Mangled by a phantasmal warrior (14 damage)
             ... led by a death knight
             ... on level 12 of the Dungeon.
             The game lasted 00:20:42 (11852 turns).

Borgoz the Basher (Gargoyle Berserker)             Turns: 11852, Time: 00:20:43

Health: -11/118    AC: 22    Str: 29    XL:     12   Next: 78%
Magic:  4/4        EV: 17    Int:  8    God:    Trog [*****.]
Gold:   1677       SH:  0    Dex: 13    Spells: 11/11 levels left

rFire    . . .     SeeInvis .   a - +1 great mace (antimagic)
rCold    + . .     Faith    .   (shield currently unavailable)
rNeg     + . .     Spirit   .   b - +0 leather armour {rC+}
rPois    ∞         Reflect  .   p - +0 helmet "Ramiotorch" {rPois rCorr Str+7}
rElec    +         Harm     .   (no cloak)
rCorr    +         Rampage  .   m - +1 pair of gloves
Will     .....                  s - +0 pair of boots
Stlth    ..........             w - amulet of regeneration
HPRegen  0.69/turn              E - +4 ring of protection
MPRegen  0.09/turn              (no ring)

@: berserking (expiring), weak-willed, slowed
A: negative energy resistance 1, electricity resistance, unbreathing,
petrification resistance, miasma immunity, AC +8
a: Renounce Religion, Berserk, Trog's Hand, Brothers in Arms


You were on level 12 of the Dungeon.
You worshipped Trog.
Trog was extremely pleased with you.
You visited 2 branches of the dungeon, and saw 13 of its levels.
You also visited: Ossuary.

You collected 1677 gold pieces.

Inventory:

Hand Weapons
 a - a +1 antimagic great mace (weapon)
Missiles
 r - 3 throwing nets
Armour
 b - a +0 leather armour of cold resistance (worn)
 m - a +1 pair of gloves (worn)
 p - the +0 helmet "Ramiotorch" (worn) {rPois rCorr Str+7}
   (You acquired it on level 9 of the Dungeon)

   It affects your strength (+7).
   It protects you from poison.
   It provides partial protection from all sources of acid and corrosion.
 s - a +0 pair of boots (worn)
Jewellery
 w - an amulet of regeneration (around neck)
 E - a +4 ring of protection (left hand)
Wands
 g - a wand of flame (25)
 h - a wand of acid (3)
 l - a wand of iceblast (15)
 o - a wand of digging (10)
Scrolls
 d - 5 scrolls of enchant armour
 f - 8 scrolls of teleportation
 n - 3 scrolls of fog
 q - a scroll of fear
 v - 5 scrolls of magic mapping
 y - 5 scrolls of remove curse
 A - a scroll of enchant weapon
 B - a scroll of holy word
 F - 3 scrolls of blinking
Potions
 c - a potion of resistance
 e - 5 potions of curing
 i - 4 potions of flight
 j - a potion of cancellation {unknown}
 k - a potion of heal wounds
 t - 2 potions of mutation
 u - a potion of berserk rage
 z - 2 potions of haste


   Skills:
 + Level 10.6 Fighting
 * Level 13.1 Maces & Flails
 + Level 10.3 Armour
 * Level 8.5 Dodging


You had 11 spell levels left.
You didn't know any spells.
Your spell library was empty.

Dungeon Overview and Level Annotations

Branches:
Dungeon (12/15)            Temple (1/1) D:5            Lair (0/6) D:11
    Orc (0/2) D:10        Ossuary (visited)

Altars:
Ashenzari
Cheibriados
Dithmenos
Elyvilon
Fedhas
Gozag
Hepliaklqana
Kikubaaqudgha
Makhleb
Nemelex Xobeh
Okawaru
Qazlal
Ru
Sif Muna
Trog
Uskayaw
Vehumet
Wu Jian
Xom
Yredelemnul
Zin
The Shining One


Innate Abilities, Weirdness & Mutations

You are resistant to torment.
Your stone body is resilient. (AC +8)
You are immune to poison.
You resist negative energy. (rN+)
You are resistant to electric shocks. (rElec)
You can survive without breathing.
You are immune to petrification.
You are immune to miasma.


Message History

The red ugly thing gurgles horribly!
You sock the phantasmal warrior!
The phantasmal warrior's magic leaks into the air.
The phantasmal warrior is almost destroyed.
The death knight hits you with a +2 great mace.
* * * LOW HITPOINT WARNING * * *
The phantasmal warrior hits you!
* * * LOW HITPOINT WARNING * * *
You hit the phantasmal warrior.
The phantasmal warrior's magic leaks into the air.
The phantasmal warrior is almost destroyed.
The phantasmal warrior barely misses you.
The death knight hits you with a +2 great mace.
* * * LOW HITPOINT WARNING * * *
The skeletal warrior completely misses you.
You barely miss the phantasmal warrior.
The phantasmal warrior is almost destroyed.
The skeletal warrior closely misses you.
The phantasmal warrior hits you!
You die...

.....+ ..... ....
... #.. ..# #...
F.#
#...#######p.#
#.........@Wh#
#.........zz.#
#.........u..#
#............###
#......).........
#.#+####..#######
#.#....#).#
##...<
#.#....#..#
......
#.#....#..#
......


You could see a death knight, a red ugly thing, 2 skeletal warriors, a
phantasmal warrior, a bullfrog and a hound.

Vanquished Creatures
  The ghost of p0werm0de the Protected, a novice MiFi of Cheibriados (D:9)
  3 two-headed ogres
  Erica (D:11)
  The ghost of Mihun the Arsonist, a novice DEWz of Sif Muna (D:8)
  2 unseen horrors (D:11)
  An ugly thing (D:11)
  A manticore (D:9)
  6 cyclopes
  2 centaur skeletons
  A kobold demonologist (D:11)
  A freezing wraith (D:12)
  5 wraiths
  A shadow (D:10)
  A wyvern (D:10)
  4 yaks (D:12)
  Menkaure (D:4)
  Edmund (D:4)
  An acid dragon (D:12)
  4 necrophages
  2 ice beasts (D:10)
  6 orc warriors
  5 sky beasts
  8 ogres
  2 eyes of draining
  4 phantoms
  9 centaurs
  13 big kobolds
  2 elf zombies (D:11)
  7 bullfrogs
  A wyvern zombie (Ossuary)
  A water moccasin zombie (Ossuary)
  A wyvern skeleton (D:12)
  2 scorpions
  17 killer bees
  10 wights
  3 howler monkeys
  An electric eel (D:11)
  4 centaur zombies
  4 hounds
  5 bullfrog zombies
  3 human zombies (D:11)
  9 orc priests
  2 human skeletons (D:11)
  2 bullfrog skeletons (D:7)
  10 orc wizards
  18 mummies
  4 iguanas
  5 worker ants
  A killer bee zombie (Ossuary)
  An ogre skeleton (D:11)
  5 hound zombies
  A hound skeleton (D:11)
  Robin (D:3)
  2 worker ant zombies
  2 howler monkey zombies
  3 gnolls (D:3)
  15 adders
  2 shadow imps
  3 white imps
  5 ufetubi
  An ooze (D:4)
  3 adder zombies (Ossuary)
  2 adder skeletons
  A worm (D:3)
  5 leopard geckos
  58 orcs
  7 bats
  10 giant cockroaches
  13 goblins
  13 hobgoblins
  13 jackals
  3 kobolds
  A quokka (D:3)
  2 ball pythons
  A frilled lizard (D:4)
  A giant cockroach zombie (Ossuary)
  2 jackal skeletons
  3 leopard gecko zombies
  2 quokka skeletons
  3 quokka zombies (Ossuary)
  6 rats
389 creatures vanquished.

Vanquished Creatures (others)
  An orc wizard (D:11)
  5 toadstools (D:1)
  4 withered plants
10 creatures vanquished.

Grand Total: 399 creatures vanquished

Notes
Turn   | Place    | Note
-------+----------+-------------------------------------------
     0 | D:1      | Borgoz the Gargoyle Berserker began the quest for the Orb.
     0 | D:1      | Reached XP level 1. HP: 14/14 MP: 1/1
   467 | D:1      | Reached XP level 2. HP: 17/19 MP: 2/2
   956 | D:2      | Reached XP level 3. HP: 22/23 MP: 3/3
  1422 | D:2      | Reached XP level 4. HP: 26/29 MP: 4/4
  1653 | D:2      | Found a shimmering blue altar of Sif Muna.
  2039 | D:3      | Reached ** piety under Trog
  2139 | D:3      | Reached skill level 4 in Maces & Flails
  2298 | D:3      | Reached XP level 5. HP: 21/33 MP: 5/5
  2730 | D:3      | Noticed Robin
  2772 | D:3      | Killed Robin
  3025 | D:3      | Reached XP level 6. HP: 39/39 MP: 6/6
  3031 | D:3      | Reached *** piety under Trog
  3344 | D:4      | Noticed Edmund
  3697 | D:4      | Reached skill level 5 in Maces & Flails
  3728 | D:4      | Killed Edmund
  3729 | D:4      | Reached XP level 7. HP: 44/44 MP: 7/7
  3795 | D:4      | Noticed Menkaure
  3806 | D:4      | Killed Menkaure
  3807 | D:4      | Reached skill level 5 in Fighting
  4117 | D:5      | Entered Level 5 of the Dungeon
  4132 | D:5      | Reached skill level 6 in Maces & Flails
  4255 | D:5      | Reached XP level 8. HP: 50/50 MP: 8/8
  4266 | D:5      | Found a radiant altar of Vehumet.
  4389 | D:5      | Found a staircase to the Ecumenical Temple.
  4400 | Temple   | Entered the Ecumenical Temple
  4714 | D:6      | Reached skill level 5 in Armour
  4735 | D:6      | Found a sand-covered staircase.
  4741 | Ossuary  | Entered an ossuary
  4852 | Ossuary  | Reached skill level 7 in Maces & Flails
  4908 | Ossuary  | Reached **** piety under Trog
  5051 | Ossuary  | Reached XP level 9. HP: 27/56 MP: 9/9
  5118 | D:6      | HP: 3/84 [orc warrior/+0 trident (11)]
  5148 | D:6      | Reached skill level 8 in Maces & Flails
  5926 | D:7      | Found a basalt altar of Yredelemnul.
  5926 | D:7      | Found an opulent altar of Gozag.
  5970 | D:7      | Identified a scroll of acquirement
  5971 | D:7      | Acquired 821 gold pieces
  6056 | D:7      | Found a blossoming altar of Fedhas.
  6073 | D:7      | Found a burning altar of Makhleb.
  6074 | D:7      | Found a broken altar of Ashenzari.
  6159 | D:7      | You fall into a shaft and drop 3 floors!
  6159 | D:10     | Entered Level 10 of the Dungeon
  6174 | D:10     | Reached skill level 5 in Dodging
  6295 | D:10     | Reached skill level 9 in Maces & Flails
  6314 | D:10     | Found a staircase to the Orcish Mines.
  6519 | D:10     | Reached XP level 10. HP: 63/63 MP: 10/10
  6698 | D:10     | Reached ***** piety under Trog
  7001 | D:9      | Reached skill level 10 in Maces & Flails
  7045 | D:9      | Found a runed translucent door.
  7055 | D:9      | Noticed a cyclops
  7165 | D:9      | Found a glowing silver altar of Zin.
  7180 | D:9      | Noticed a manticore
  7191 | D:9      | Killed a manticore
  7336 | D:8      | Received a gift from Trog
  7513 | D:8      | Found the +5 scythe "Finisher" {speed, eviscerate}
  7952 | D:7      | Found a sparkling altar of Nemelex Xobeh.
  7953 | D:7      | Found an ancient bone altar of Kikubaaqudgha.
  7955 | D:7      | Found a bloodstained altar of Trog.
  8001 | D:7      | Found an ornate altar of the Wu Jian Council.
  8153 | D:8      | Reached XP level 11. HP: 68/69 MP: 11/11
  8229 | D:8      | Found a runed translucent gate.
  8229 | D:8      | Found a runed translucent gate.
  8229 | D:8      | Noticed Mihun's ghost (novice DEWz)
  8229 | D:8      | Identified the +6 whip of Tortfeasance {venom, *Contam
                  | Dex+7}
  8230 | D:8      | Found a runed translucent gate.
  8413 | D:8      | Reached skill level 11 in Maces & Flails
  8474 | D:8      | Killed Mihun's ghost
  8561 | D:9      | Found a sparkling altar of Nemelex Xobeh.
  8599 | D:9      | Acquired the +0 helmet "Ramiotorch" {rPois rCorr Str+7}
  9047 | D:9      | Noticed a two-headed ogre
  9055 | D:9      | Killed a two-headed ogre
  9212 | D:9      | Noticed p0werm0de's ghost (novice MiFi)
  9301 | D:9      | Killed p0werm0de's ghost
  9304 | D:9      | Killed a cyclops
  9760 | D:11     | Noticed a cyclops
  9795 | D:11     | Killed a cyclops
  9956 | D:11     | Found a staircase to the Lair.
 10014 | D:11     | Killed an unseen horror
 10030 | D:11     | Noticed a cyclops
 10040 | D:11     | Reached skill level 12 in Maces & Flails
 10044 | D:11     | Noticed Erica
 10051 | D:11     | Killed a cyclops
 10058 | D:11     | Received a gift from Trog
 10081 | D:11     | Killed Erica
 10082 | D:11     | Reached skill level 10 in Fighting
 10082 | D:11     | Reached XP level 12. HP: 26/77 MP: 12/12
 10723 | D:11     | Reached skill level 10 in Armour
 11336 | D:11     | Found an ancient bone altar of Kikubaaqudgha.
 11526 | D:12     | Noticed a two-headed ogre
 11537 | D:12     | Killed a two-headed ogre
 11752 | D:12     | Reached skill level 13 in Maces & Flails
 11782 | D:12     | Noticed a two-headed ogre
 11788 | D:12     | Killed a two-headed ogre
 11835 | D:12     | Noticed a death knight
 11851 | D:12     | HP: 2/118 [death knight/+2 great mace (4)]
 11852 | D:12     | Mangled by a phantasmal warrior

Illustrated notes

Levels and vault maps discovered:
D:1:      ldierk_walled_garden, layout_loops_ring
D:2:      layout_loops_corners, lemuel_coloured_pillars_altar,
          chequers_serial_rivers_small_a
D:3:      layout_rooms, kennysheep_generic_room_9, uniq_robin
D:4:      layout_basic, uniq_menkaure, uniq_edmund
D:5:      layout_cave_pools, kennysheep_mini_moat, temple_hall
D:6:      layout_rooms, gup_sewer_entry_bubbles, nicolae_ossuary_entry_plus
D:7:      layout_cave_pools, grunt_temple_overflow_open, general_overflow_altar,
          minitemple, minmay_misc_feat_enclosed, minmay_manual_moon
D:8:      layout_gridville, gammafunk_ghost_nasty_kobolds,
          minmay_guarded_unrand_finisher
D:9:      layout_irregular_city, lemuel_doored_altar, ebering_ghost_inner_flame,
          nemelex_lonely_heart_becter
D:10:     layout_cave_pods, hiddenorc1_lemuel
D:11:     layout_layer_cave, lair_entry_dummy, serial_undead, serial_undead_a,
          serial_undead_c, serial_undead_f, serial_undead_c, fountainhead,
          lemuel_mausoleum_altar_kikubaaqudgha, uniq_erica
D:12:     minmay_s_stair_smasher, layout_irregular_city
Temple:   eino_wide_crystal_templ

Skill      XL: |  1  2  3  4  5  6  7  8  9 10 11 12 |
---------------+-------------------------------------+-----
Dodging        | 2 3 4 5 6 7 8 |  8.5
Maces & Flails | 4 5 6 7 9 10 12 13 | 13.1
Armour         | 3 4 5 7 8 9 10 | 10.3
Fighting       | 4 5 6 7 8 10 | 10.6

Action                   |  1- 3 |  4- 6 |  7- 9 | 10-12 || total
-------------------------+-------+-------+-------+-------++-------
Melee: Mace              |    85 |   181 |       |       ||   266
       Flail             |       |    31 |   506 |   577 ||  1114
       Great mace        |       |       |       |   200 ||   200
Invok: Berserk           |       |     5 |     6 |    10 ||    21
       Trog's Hand       |       |       |     5 |     3 ||     8
Evoke: Wand              |       |     2 |       |       ||     2
  Use: Scroll            |       |    12 |    11 |     7 ||    30
       Potion            |       |       |     4 |     3 ||     7
 Stab: Sleeping          |     1 |       |       |       ||     1
       Paralysed         |       |     4 |       |       ||     4
Armor: Animal skin       |    40 |     9 |       |       ||    49
       Ring mail         |       |   121 |   327 |   174 ||   622
       Leather armour    |       |       |       |   314 ||   314
Dodge: Dodged            |    51 |   149 |   402 |   589 ||  1191
Block: Buckler           |     4 |    47 |    65 |    72 ||   188
